 Seeded DCSS version 0.30.1 (webtiles) character file.

Game seed: 1882581695637917331 (custom seed)

58 McKennaii the Conjurer (level 3, 0/26 HPs)
             Began as a Demigod Conjurer on July 12, 2023.
             Slain by Terence
             ... wielding a +0 hand axe
              (4 damage)
             ... on level 3 of the Dungeon.
             The game lasted 00:02:20 (2376 turns).

McKennaii the Conjurer (Demigod Conjurer)           Turns: 2376, Time: 00:02:21

Health: 0/26       AC:  6    Str:  8    XL:     3   Next: 51%
Magic:  2/9        EV: 12    Int: 24    God:
Gold:   100        SH:  0    Dex: 12    Spells: 4/7 levels left

rFire   . . .        m - +2 short sword (holy)
rCold   . . .        (no shield)
rNeg    . . .        a - +0 robe
rPois   .            (no helmet)
rElec   .            (no cloak)
rCorr   .            q - +2 pair of gloves
SInv    .            j - +0 pair of boots
Will    .....        (no amulet)
Stlth   ++           (no ring)
HPRegen 0.24/turn    (no ring)
MPRegen 0.11/turn

%: no passive effects
@: no status effects
A: high MP 1, forlorn, divine attributes
a: no special abilities


You were on level 3 of the Dungeon.
You visited 1 branch of the dungeon, and saw 3 of its levels.

You collected 100 gold pieces.

Inventory:

Hand Weapons
 m - a +2 short sword of holy wrath (weapon)
Armour
 a - a +0 robe (worn)
 j - a +0 pair of boots (worn)
 q - a +2 pair of gloves (worn)
Scrolls
 d - 4 scrolls of identify {unknown}
 e - 3 scrolls of amnesia {unknown}
 f - a scroll of poison {unknown}
 g - a scroll of silence {unknown}
 i - a scroll of magic mapping {unknown}
 l - 2 scrolls of enchant weapon {unknown}
 p - 2 scrolls of blinking {unknown}
Potions
 b - a potion of magic
 c - a potion of ambrosia {unknown}
 h - a potion of curing {unknown}
 k - a potion of cancellation {unknown}
 n - a potion of degeneration {unknown}
 o - a potion of invisibility {unknown}


   Skills:
 - Level 1.7 Dodging
 - Level 1.7 Stealth
 + Level 2.7 Spellcasting
 + Level 4.3 Conjurations


You had 4 spell levels left.
You knew the following spells:

 Your Spells              Type           Power      Damage    Failure   Level
a - Magic Dart            Conj           96%        1d7       1%          1
b - Searing Ray           Conj           48%        2d6       2%          2

Your spell library contained the following spells:

 Spells                   Type           Power      Damage    Failure   Level
 Dazzling Flash           Conj/Hex       26%        N/A       14%         3
 Tukima's Dance           Hex            3%         N/A       32%         3
 Fulminant Prism          Conj/Hex       6%         3d7       41%         4
 Iskenderun's Mystic Bla  Conj/Tloc      13%        2d5       41%         4
 Passage of Golubria      Tloc           3%         N/A       73%         4
 Yara's Violent Unravell  Hex/Tmut       1%         3d3       97%         5


Dungeon Overview and Level Annotations

Branches:
Dungeon (3/15)

Annotations:
D:3 Terence


Innate Abilities, Weirdness & Mutations

You have an increased reservoir of magic. (+10% MP)
You shall have no god before yourself.
Your divine heritage dramatically boosts your attributes as you level up.


Message History

Terence is severely wounded.
Terence completely misses you.
You closely miss Terence.
Terence is severely wounded.
Terence hits you with a +0 hand axe.
You hit Terence but do no damage.
Terence is severely wounded.
Terence hits you with a +0 hand axe.
You barely miss Terence.
Terence is severely wounded.
Terence hits you with a +0 hand axe. Terence attacks as you move away!
Terence hits you but does no damage. The bat barely misses you.
The bat hits you but does no damage. The bat closely misses you. x2
You closely miss the bat. The bat barely misses you.
You barely miss Terence.
Terence is severely wounded.
Terence closely misses you.
You hit Terence but do no damage.
Terence is severely wounded.
Terence barely misses you.
You hit Terence but do no damage.
Terence is severely wounded.
Terence closely misses you.
You closely miss Terence.
Terence is severely wounded.
Terence hits you with a +0 hand axe.
* * * LOW HITPOINT WARNING * * *
You hit Terence but do no damage.
Terence is severely wounded.
Terence says, "Time to say good-bye..."
Terence hits you with a +0 hand axe.
* * * LOW HITPOINT WARNING * * *
You hit Terence.
Terence is severely wounded.
Terence hits you with a +0 hand axe.
* * * LOW HITPOINT WARNING * * *
Terence attacks as you move away! Terence hits you with a +0 hand axe.
You die...

##.. ...#
###..###
......# #
#..#.# .#
####..#.###..##
#..............
#...<†....#
##@#.####.#
#######@#.#
.......b#.#
..........#
..###...###
........
..##...# ..
#.).# . #.<.#


You could see Terence and a bat.

Vanquished Creatures
  2 adders (D:2)
  2 dart slugs
  2 bats
  5 endoplasms
  3 goblins
  6 hobgoblins
  4 kobolds
  A quokka (D:2)
  A ball python (D:2)
  2 frilled lizards (D:2)
  5 rats
33 creatures vanquished.

Notes
Turn   | Place    | Note
-------+----------+-------------------------------------------
     0 | D:1      | McKennaii the Demigod Conjurer began the quest for the Orb.
     0 | D:1      | Reached XP level 1. HP: 14/14 MP: 5/5
   505 | D:1      | Reached XP level 2. HP: 20/20 MP: 0/7
   956 | D:1      | Learned a level 2 spell: Searing Ray
  1066 | D:2      | Reached skill level 4 in Conjurations
  1311 | D:2      | Reached XP level 3. HP: 26/26 MP: 4/9
  2315 | D:3      | Noticed Terence
  2376 | D:3      | Slain by Terence

Illustrated notes

Levels and vault maps discovered:
D:1:      dpeg_arrival_erosion, layout_basic
D:2:      layout_basic, minmay_tripent
D:3:      layout_loops_ring, nicolae_wu_jian_wuxing_cycle, serial_bayou_pond_d,
          uniq_ijyb, uniq_terence

Skill      XL: |  1  2 |
---------------+-------+-----
Spellcasting   | 2 |  2.7
Conjurations   | 4 |  4.3
Dodging        | |  1.7
Stealth        | |  1.7

Action                     || total
---------------------------++-------
  Melee: Short sword       ||    12
   Cast: Magic Dart        ||    70
         Searing Ray       ||     2
 Armour: Robe              ||     3
  Dodge: Dodged            ||    15
